 Dungeon Crawl Stone Soup version 0.27-a0-1312-g5cdb2b3542 (webtiles) character file.

Game seed: 958182623418040334

2680 Demosthentine the Spear-Bearer (level 9, -1/72 HPs)
             Began as a Merfolk Gladiator on June 20, 2021.
             Was an Initiate of the Shining One.
             Succumbed to a killer bee's poison
             ... on level 6 of the Dungeon.
             The game lasted 00:07:49 (9030 turns).

Demosthentine the Spear-Bearer (Merfolk Gladiator)  Turns: 9030, Time: 00:07:50

Health: -1/72      AC:  7    Str: 16    XL:     9   Next: 64%
Magic:  9/9        EV: 17    Int:  7    God:    the Shining One [......]
Gold:   327        SH:  0    Dex: 17    Spells: 8/8 levels left

rFire    . . .     SeeInvis .   a - +0 trident
rCold    . . .     Faith    .   (no shield)
rNeg     . . .     Spirit   .   b - +0 leather armour
rPois    .         Reflect  .   c - +0 helmet
rElec    .         Harm     .   (no cloak)
rCorr    .         Rampage  .   i - +1 pair of gloves
Will     .....                  (no boots)
Stlth    +.........             (no amulet)
HPRegen  0.22/turn              (no ring)
MPRegen  0.11/turn              (no ring)

@: lethally poisoned (-1 -> -7), glowing
A: (nimble swimmer 2), mertail
a: Renounce Religion


You were on level 6 of the Dungeon.
You worshipped the Shining One.
The Shining One was noncommittal.
You visited 2 branches of the dungeon, and saw 8 of its levels.
You also visited: Sewer and Ossuary.

You collected 351 gold pieces.
You spent 24 gold pieces at shops.

Inventory:

Hand Weapons
 a - a +0 trident (weapon)
Armour
 b - a +0 leather armour (worn)
 c - a +0 helmet (worn)
 i - a +1 pair of gloves (worn)
Wands
 d - a wand of iceblast (10)
 r - a wand of paralysis (8)
 s - a wand of acid (7)
Scrolls
 e - 2 scrolls of blinking
 k - 5 scrolls of teleportation
 l - 2 scrolls of enchant armour
 n - a scroll of fog
Potions
 f - a potion of curing
 g - 2 potions of lignification
 h - 2 potions of mutation
 j - 2 potions of flight
 m - 2 potions of brilliance {unknown}
 o - a potion of haste
 p - 2 potions of heal wounds
 q - 2 potions of might {unknown}


   Skills:
 + Level 7.3 Fighting
 + Level 10.1 Polearms
 - Level 2.0 Throwing
 + Level 4.7 Armour
 + Level 9.3 Dodging


You had 8 spell levels left.
You didn't know any spells.
Your spell library contained the following spells:

 Spells                   Type           Power      Damage    Failure   Level
 Shock                    Conj/Air       0%         1d3       50%         1
 Summon Small Mammal      Summ           0%         N/A       50%         1
 Call Imp                 Summ           0%         N/A       63%         2
 Static Discharge         Conj/Air       0%         N/A       63%         2
 Call Canine Familiar     Summ           0%         N/A       86%         3
 Summon Guardian Golem    Hex/Summ       0%         N/A       86%         3
 Swiftness                Air            0%         N/A       86%         3
 Airstrike                Air            0%         N/A       99%         4
 Summon Ice Beast         Ice/Summ       0%         N/A       99%         4
 Summon Lightning Spire   Summ/Air       0%         N/A       99%         4
 Lightning Bolt           Conj/Air       0%         1d11      100%        5


Dungeon Overview and Level Annotations

Branches:
Dungeon (7/15)             Temple (1/1) D:6           Sewer (visited)
Ossuary (visited)

Altars:
Ashenzari
Cheibriados
Dithmenos
Elyvilon
Fedhas
Gozag
Hepliaklqana
Kikubaaqudgha
Makhleb
Nemelex Xobeh
Okawaru
Qazlal
Ru
Sif Muna
Trog
Uskayaw
Vehumet
Wu Jian
Xom
Yredelemnul
Zin
The Shining One

Shops:
D:2 *   D:5 :


Innate Abilities, Weirdness & Mutations

((You are quick and stealthy near water. (Stealth+, EV+, Speed+++)))
Your lower body shifts to a powerful aquatic tail in water.


Message History

* * * LOW HITPOINT WARNING * * *
You are more poisoned.
The killer bee poisons you!
You climb upwards.
* * * LOW HITPOINT WARNING * * *
You feel very sick.
There is a stone staircase leading down here.
Unknown command.
You feel sick.
You barely miss the killer bee.
You feel sick. The killer bee stings you.
* * * LOW HITPOINT WARNING * * *
You are lethally poisoned!
The killer bee poisons you! The killer bee barely misses you.
You puncture the killer bee!
The killer bee is severely wounded.
* * * LOW HITPOINT WARNING * * *
You feel sick. The killer bee barely misses you.
You feel better.
The killer bee stings you but does no damage.
The killer bee closely misses you.
You barely miss the killer bee.
The killer bee is severely wounded.
The killer bee misses you. The killer bee closely misses you.
You barely miss the killer bee.
The killer bee is severely wounded.
The killer bee stings you.
* * * LOW HITPOINT WARNING * * *
The killer bee barely misses you.
You closely miss the killer bee.
The killer bee is severely wounded.
The killer bee misses you.
You barely miss the killer bee.
The killer bee is severely wounded.
The killer bee stings you.
* * * LOW HITPOINT WARNING * * *
You are lethally poisoned!
The killer bee poisons you! The killer bee misses you.
You miss the killer bee.
The killer bee is severely wounded.
You die...

##.#### #...# #..#### ### #.##
###.# #..# #.. .###### #.# #..##
#.# ...^..# #.###...# #.#
.####.########.##....# #.#
.####.##.......##....# #.#
.........#####.##....# ###.#
.####.########.###.#.### #.... .#
#.# #...yy@..#...## #.### .#
#.#####.##.##..##<..#####.###
#####.#...#.##.##................
..........#.#..##.##.....##.#####
#####.#...#.#..##.#.......#.#≈.≈≈
#.........[##.....<.....##''#
#.##........[)...........#≈≈#
#.#######.####..........##≈≈#
#####.## #.#####.........#≈≈≈≈


You could see 2 killer bees.

Vanquished Creatures
  Pikel (D:5)
  Sigmund (D:4)
  Menkaure (D:5)
  Edmund (D:4)
  2 water moccasins
  2 sky beasts (D:7)
  An orc warrior (D:6)
  2 lemures (D:5)
  A kobold brigand (D:7)
  4 bullfrogs
  A scorpion (D:5)
  2 water moccasin skeletons
  2 howler monkeys
  3 centaur zombies (Ossuary)
  A human zombie (Ossuary)
  3 jellies
  2 hounds (D:6)
  2 orc priests
  2 iguanas (D:5)
  Jessica (D:3)
  A bullfrog skeleton (D:6)
  Ijyb (D:5)
  A killer bee zombie (D:7)
  3 mummies (Ossuary)
  2 howler monkey zombies (D:6)
  13 adders
  A white imp (D:6)
  3 ufetubi
  2 adder zombies (Ossuary)
  A worm (D:3)
  A dart slug (D:2)
  10 orcs
  8 endoplasms
  4 giant cockroaches
  3 gnoll zombies (Ossuary)
  2 goblins
  7 hobgoblins
  3 jackals (D:1)
  11 kobolds
  6 quokkas
  12 ball pythons
  8 bats
  10 frilled lizards
  3 goblin zombies (Ossuary)
  3 hobgoblin zombies (Ossuary)
  5 jackal zombies (Ossuary)
  4 kobold zombies (Ossuary)
  2 orc zombies (Ossuary)
  3 quokka zombies (Ossuary)
  9 rats
  6 rat zombies (Ossuary)
183 creatures vanquished.

Notes
Turn   | Place    | Note
-------+----------+-------------------------------------------
     0 | D:1      | Demosthentine the Merfolk Gladiator began the quest for the
                  | Orb.
     0 | D:1      | Reached XP level 1. HP: 16/16 MP: 1/1
   210 | D:1      | Reached XP level 2. HP: 23/23 MP: 2/2
   211 | D:1      | Found a faded altar of an unknown god.
   845 | D:1      | Reached XP level 3. HP: 28/28 MP: 3/3
  1441 | D:2      | Found Zeubol's General Store.
  1453 | D:2      | Reached skill level 5 in Polearms
  1453 | D:2      | Reached skill level 1 in Armour
  1654 | D:2      | Bought a scroll of identify for 24 gold pieces
  1762 | D:2      | Reached XP level 4. HP: 34/34 MP: 4/4
  1782 | D:2      | Reached skill level 5 in Dodging
  2115 | D:2      | Reached XP level 5. HP: 41/41 MP: 5/5
  2612 | D:3      | Noticed Jessica
  2618 | D:3      | Killed Jessica
  3320 | D:4      | Found a sand-covered staircase.
  3329 | Ossuary  | Entered an ossuary
  3371 | Ossuary  | Reached skill level 6 in Polearms
  3371 | Ossuary  | Reached XP level 6. HP: 44/48 MP: 6/6
  4141 | D:4      | Noticed Edmund
  4173 | D:4      | Killed Edmund
  4174 | D:4      | Reached XP level 7. HP: 31/55 MP: 7/7
  4183 | D:4      | HP: 2/55 [poisoned by an adder]
  4665 | D:4      | Found a bloodstained altar of Trog.
  4681 | D:4      | Noticed Sigmund
  4695 | D:4      | Killed Sigmund
  4696 | D:4      | Reached skill level 7 in Polearms
  4916 | D:4      | Reached skill level 5 in Fighting
  5345 | D:4      | Reached XP level 8. HP: 62/62 MP: 8/8
  5390 | D:5      | Entered Level 5 of the Dungeon
  5567 | D:5      | Noticed Pikel
  5601 | D:5      | Killed Pikel
  5602 | D:5      | Reached skill level 8 in Polearms
  5824 | D:5      | Noticed Menkaure
  5894 | D:5      | Killed Menkaure
  5942 | D:5      | Noticed Ijyb
  5950 | D:5      | Killed Ijyb
  6007 | D:5      | Found Cyrri Hotoe's Book Shoppe.
  6771 | D:6      | Reached skill level 9 in Polearms
  6848 | D:6      | Reached XP level 9. HP: 70/70 MP: 9/9
  7106 | D:6      | Found a staircase to the Ecumenical Temple.
  7241 | D:6      | Found a glowing drain.
  7259 | Sewer    | Entered a sewer
  8256 | Temple   | Entered the Ecumenical Temple
  8465 | Temple   | Became a worshipper of the Shining One
  8661 | D:7      | Reached skill level 10 in Polearms
  9029 | D:6      | HP: 1/72 [killer bee (6)]
  9030 | D:6      | Succumbed to a killer bee's poison

Illustrated notes

Levels and vault maps discovered:
D:1:      psy_arrival_whirlpool, layout_basic,
          ebering_ecumenical_altar_abandoned
D:2:      layout_basic, serial_shops, shop
D:3:      layout_basic, uniq_jessica
D:4:      layout_loops_ring, kennysheep_mini_moat,
          nicolae_ossuary_entry_monument, uniq_edmund, uniq_sigmund
D:5:      layout_loops_ring, serial_shops, shop, serial_co_window_serial,
          co_window_paths_a, co_window_of_opportunity_a, co_window_paths_b,
          co_window_corner_a, co_window_paths_a, co_window_of_opportunity_a,
          co_window_paths_a, co_window_corner_ca, co_window_unsneaky_path_d,
          co_window_corner_b, co_window_paths_c, co_window_broadway_b,
          co_window_4corner_b, glass_columns_b, uniq_ijyb, uniq_menkaure,
          uniq_pikel
D:6:      layout_loops_ring, minmay_temple_entry_nine_rooms,
          gup_sewer_entry_bowl
D:7:      layout_cave_pools
Temple:   kilobyte_greek_temple

Skill      XL: |  1  2  3  4  5  6  7  8  9 |
---------------+----------------------------+-----
Polearms       | 5 6 7 9 10 | 10.1
Armour         | 1 2 3 4 |  4.7
Fighting       | 3 4 5 6 7 |  7.3
Dodging        | 5 6 7 8 9 |  9.3
Throwing       | |  2.0

Action                   |  1- 3 |  4- 6 |  7- 9 || total
-------------------------+-------+-------+-------++-------
Melee: Trident           |    99 |   286 |   437 ||   822
       Tailslap          |       |       |     5 ||     5
Throw: Throwing net      |       |       |     3 ||     3
  Use: Scroll            |     3 |     3 |     8 ||    14
       Potion            |       |       |     2 ||     2
 Stab: Sleeping          |     4 |     4 |     1 ||     9
       Held in net/web   |       |       |     6 ||     6
Armor: Leather armour    |    19 |    58 |    66 ||   143
       Skin              |       |    37 |       ||    37
Dodge: Dodged            |    55 |   143 |   291 ||   489

Table legend: (Time is in decaauts)
 A = Elapsed time spent in this place.
 B = Non-inter-level travel time spent in this place.
 C = Inter-level travel time spent in this place.
 D = Time resting spent in this place.
 E = Time spent auto-exploring this place.
 F = Levels seen in this place.
 G = Mean time per level.
                   A        B        C        D        E       F      G
               +--------+--------+--------+--------+--------+-----+--------+
         Total |   8933 |   8774 |    159 |    245 |   6919 |  10 |  893.3 |
       Dungeon |   7524 |   7365 |    159 |    245 |   5869 |   7 | 1074.9 |
        Temple |    242 |    242 |      0 |      0 |    182 |   1 |  242.0 |
         Sewer |    370 |    370 |      0 |      0 |    285 |   1 |  370.0 |
       Ossuary |    796 |    796 |      0 |      0 |    583 |   1 |  796.0 |
               +--------+--------+--------+--------+--------+-----+--------+

Top non-repeatable levels by time:
     D:4: 1345 daAuts
     D:5: 1332 daAuts
     D:1: 1280 daAuts
     D:6: 1186 daAuts
     D:2: 1151 daAuts
     D:3: 813 daAuts
 Ossuary: 796 daAuts
     D:7: 414 daAuts
   Sewer: 370 daAuts
  Temple: 242 daAuts
